Map: Jagannatha LE

Players

MECHatron - Winner!

  • Race: Protoss Protoss
  • League: Diamond

DBOSS

  • Race: Protoss Protoss
  • League: Diamond

VOD

Have the link to the VOD?

Description

Time

  • Played on: Sept. 19, 2021, 5:41 p.m.
  • Length: 12:43
Show
View Real Time Build Order
Export as new Build Order

MECHatron Protoss - Winner!

Build Orders:  

Get SALT Encoding   

  12  0:01  Probe  
  13  0:13  Probe  
  14  0:18  Pylon  
  14  0:25  Probe  
  15  0:37  Forge  
  15  0:41  Probe  
  16  0:49  Assimilator  
  16  1:21  Pylon  
  16  1:22  Pylon  
  16  1:23  Pylon  
  16  1:25  Pylon  
  16  1:31  Pylon  
  16  1:39  Gateway  
  16  1:42  Photon Cannon  
  16  1:49  Photon Cannon  
  16  1:56  Pylon  
  16  2:01  Photon Cannon  
  16  2:04  Photon Cannon  
  16  2:20  Gateway  
  16  2:21  Photon Cannon  
  16  2:31  Pylon  
  16  2:37  Photon Cannon  
  16  2:43  Photon Cannon  
  16  2:49  Probe  
  13  3:37  Probe  
  14  3:46  Photon Cannon  
  14  3:52  Probe  
  14  4:00  Pylon  
  14  4:04  Probe (Chrono Boost)  
  15  4:19  Photon Cannon  
  13  4:46  Photon Cannon  
  13  5:22  Photon Cannon  
  13  5:28  Probe  
  14  5:47  Gateway  
  14  6:14  Probe (Chrono Boost)  
  15  6:20  Assimilator  
  15  6:23  Probe (Chrono Boost), Assimilator  
  16  6:28  Probe (Chrono Boost)  
  17  6:39  Cybernetics Core  
  17  6:41  Probe (Chrono Boost)  
  18  6:59  Pylon  
  18  7:03  Probe (Chrono Boost)  
  19  7:13  Probe (Chrono Boost)  
  20  7:17  Photon Cannon  
  20  7:20  Adept (Chrono Boost)  
  22  7:25  Probe (Chrono Boost)  
  24  7:37  Probe (Chrono Boost)  
  24  7:41  Pylon  
  24  7:51  Adept  
  26  8:03  Photon Cannon  
  26  8:05  Photon Cannon  
  26  8:19  Photon Cannon  
  26  8:31  Photon Cannon  
  26  8:36  Photon Cannon  
  26  8:37  Photon Cannon  
  24  8:53  Photon Cannon  
  24  8:57  Photon Cannon  
  24  9:03  Photon Cannon  
  22  9:10  Stalker  
  24  9:22  Pylon  
  24  9:33  Assimilator  
  24  9:40  Stalker (Chrono Boost)  
  24  9:41  Photon Cannon  
  26  9:47  Photon Cannon  
  26  10:01  Probe  
  26  10:06  Stalker (Chrono Boost)  
  29  10:13  Probe  
  30  10:25  Probe  
  30  10:27  Stalker (Chrono Boost)  
  33  10:37  Shield Battery  
  33  10:42  Stargate  
  33  10:58  Stalker (Chrono Boost)  
  35  11:12  Pylon  
  35  11:23  Stalker (Chrono Boost)  
  35  11:24  Void Ray  
  41  11:33  Shield Battery  
  41  11:36  Shield Battery  
Show
View Real Time Build Order
Export as new Build Order

DBOSS Protoss 

Build Orders:  

Get SALT Encoding   

  12  0:01  Probe  
  13  0:17  Pylon  
  13  0:18  Probe  
  14  0:30  Probe  
  15  0:43  Probe  
  16  0:55  Probe  
  17  1:00  Pylon  
  17  1:13  Probe  
  18  1:24  Gateway  
  18  1:25  Probe  
  19  1:28  Gateway  
  19  1:41  Pylon  
  19  2:12  Nexus  
  19  2:15  Zealot x2 (Chrono Boost)  
  22  2:29  Assimilator  
  22  2:35  Forge  
  22  2:39  Zealot  
  22  3:24  Probe  
  19  3:29  Probe  
  20  3:36  Probe  
  21  3:47  Pylon  
  21  3:55  Probe (Chrono Boost)  
  23  4:02  Assimilator  
  21  4:03  Probe (Chrono Boost)  
  21  4:08  Photon Cannon  
  22  4:18  Photon Cannon  
  21  4:43  Photon Cannon  
  20  4:48  Gateway  
  20  4:56  Photon Cannon  
  20  5:14  Photon Cannon  
  19  5:45  Nexus  
  19  5:56  Pylon  
  17  6:28  Photon Cannon  
  17  7:01  Cybernetics Core  
  17  7:09  Probe (Chrono Boost)  
  19  7:16  Probe (Chrono Boost)  
  20  7:25  Probe (Chrono Boost)  
  20  7:32  Assimilator  
  20  7:44  Pylon  
  20  7:47  Probe (Chrono Boost)  
  21  7:57  Probe (Chrono Boost), Assimilator  
  22  8:02  Probe (Chrono Boost)  
  20  8:14  Probe  
  20  8:15  Photon Cannon  
  20  8:17  Photon Cannon  
  12  8:41  Photon Cannon  
  12  9:02  Shield Battery  
  12  9:35  Nexus  
  12  9:46  Pylon  
  12  9:55  Probe  
  13  10:05  Stargate  
  12  10:42  Pylon  
  12  10:46  Assimilator  
  12  10:52  Assimilator  
  12  11:13  Probe (Chrono Boost)  
  12  11:14  Void Ray (Chrono Boost)  
  13  11:24  Probe  
  18  11:36  Probe  
  19  11:48  Probe  
  19  12:00  Probe  
  14  12:12  Probe  
Tags
 
Add a new tag
Caveats
  • Supply blocks, unpowered buildings, or Contaminate may cause inaccurate times.
  • Supply counts are checked every 10 seconds.